 Dungeon Sprint DCSS version 0.28-a0-1447-ga5a8893891 (webtiles) character file.

Game seed: 10963357434187090739

424 mhtbhm the Arsonist (level 6, -13/48 HPs)
             Began as a Deep Elf Fire Elementalist on Jan 11, 2022.
             Was a Follower of Vehumet.
             Mangled by a cyan ugly thing (16 damage)
             ... in the Dungeon (Sprint V: "Ziggurat Sprint").
             The game lasted 00:03:12 (298 turns).

mhtbhm the Arsonist (Deep Elf Fire Elementalist)     Turns: 298, Time: 00:03:13

Health: -13/48     AC:  5    Str:  7    XL:     6   Next: 64%
Magic:  12/20      EV: 15    Int: 20    God:    Vehumet [*.....]
Gold:   0          SH:  0    Dex: 15    Spells: 14/23 levels left

rFire   + . .      SeeInvis .   D - +8 lance "Wyrmbane" {slay drac, rPois rF+ rC+ AC+3}
rCold   + . .      Faith    .   (no shield)
rNeg    . . .      Spirit   .   a - +0 robe
rPois   +          Reflect  .   (no helmet)
rElec   .          Harm     .   (no cloak)
rCorr   .          Rampage  .   (no gloves)
Will    .....      NoTele   +   (no boots)
Stlth   ..........              (no amulet)
HPRegen 0.16/turn               (no ring)
MPRegen 0.17/turn               (no ring)

@: berserking, very quick
A: no striking features
a: Renounce Religion


You were in the Dungeon.
You worshipped Vehumet.
Vehumet was aware of your devotion.
You visited 1 branch

Inventory:

Hand Weapons
 D - the +8 lance "Wyrmbane" (weapon) {slay drac, rPois rF+ rC+ AC+3}
   (You found it in the Dungeon)

   It inflicts extra damage against dragons and draconians.
   AC:        It affects your AC (+3).
   rF:        It protects you from fire.
   rC:        It protects you from cold.
   rPois:     It protects you from poison.
Armour
 a - a +0 robe (worn)
Jewellery
 r - a ring of flight
 s - a +6 ring of dexterity
 t - a +6 ring of dexterity
 u - a +6 ring of intelligence
 v - a +6 ring of intelligence
 w - a +6 ring of strength
 x - a +6 ring of strength
Wands
 y - a wand of mindburst (7)
 A - a wand of acid (7)
Scrolls
 g - 2 scrolls of blinking
 m - 4 scrolls of amnesia
 n - 7 scrolls of fog
 o - 2 scrolls of holy word
 p - 5 scrolls of identify
 q - 2 scrolls of fear
Potions
 b - 10 potions of curing
 c - 10 potions of heal wounds
 d - 6 potions of haste
 e - 7 potions of magic
 f - 2 potions of berserk rage
 h - 2 potions of brilliance
 i - 2 potions of invisibility
 j - 4 potions of resistance
 k - a potion of experience
 l - 5 potions of might
Miscellaneous
 B - a lightning rod (4/4)


   Skills:
 + Level 6.2 Dodging
 + Level 5.9 Stealth
 + Level 9.0 Spellcasting
 + Level 2.6 Conjurations
 + Level 11.7 Fire Magic
 + Level 3.2 Evocations


You had 14 spell levels left.
You knew the following spells:

 Your Spells              Type           Power      Damage    Failure   Level
a - Foxfire               Conj/Fire      100%       2x1d9     1%          1
b - Scorch                Fire           100%       2d10      1%          2
c - Conjure Flame         Conj/Fire      37%        6-21      1%          3
d - Inner Flame           Hex/Fire       32%        N/A       1%          3

Your spell library contained the following spells:

 Spells                   Type           Power      Damage    Failure   Level
 Freeze                   Ice            36%        1d6       8%          1
 Flame Wave               Conj/Fire      37%        2d7       4%          4


Dungeon Overview and Level Annotations

Branches:
Dungeon (1/1)

Altars:
Ashenzari
Cheibriados
Dithmenos
Elyvilon
Fedhas
Gozag
Hepliaklqana
Kikubaaqudgha
Makhleb
Nemelex Xobeh
Okawaru
Qazlal
Ru
Sif Muna
Trog
Uskayaw
Vehumet
Wu Jian
Xom
Yredelemnul
Zin
The Shining One
Beogh
Jiyva
Lugonu

Annotations:
D 1 transporter


Message History

The cyan ugly thing barely misses you.
Unknown command.
You closely miss the cyan ugly thing.
The cyan ugly thing is almost dead.
The cyan ugly thing barely misses you.
Unknown command.
You puncture the cyan ugly thing!
You kill the cyan ugly thing!
Vehumet accepts your kill.
You can now gain magical power from killing.
Vehumet offers you knowledge of Freeze.
Your lightning rod (4/4) has regained one charge.
Your Dodging skill gained 2 levels and is now at level 6!
Your Stealth skill gained 2 levels and is now at level 5!
Your Spellcasting skill gained 4 levels and is now at level 9!
Your Conjurations skill increases to level 2!
Your Fire Magic skill gained 4 levels and is now at level 11!
Your Evocations skill gained 3 levels and is now at level 3!
You have reached level 4!
You feel clever.
You have reached level 5!
You have reached level 6!
You puncture the cyan ugly thing!
The cyan ugly thing is severely wounded.
The cyan ugly thing bites you. The cyan ugly thing shocks you!
The cyan ugly thing closely misses you.
Unknown command.
Unknown command.
You puncture the cyan ugly thing!
The cyan ugly thing is almost dead.
The cyan ugly thing bites you! The cyan ugly thing shocks you!
* * * LOW HITPOINT WARNING * * *
Unknown command.
Unknown command.
You barely miss the cyan ugly thing.
The cyan ugly thing is almost dead.
The cyan ugly thing barely misses you. The cyan ugly thing bites you.
* * * LOW HITPOINT WARNING * * *
The cyan ugly thing shocks you!
You die...

▓▓▓▓▓▓▓▓▓▓▓▓▓
▓.8©8.▓.8©8.▓
▓.|:|.▓.....▓
▓.....▓...[.▓
▓.....▓.....▓
▓.....▓.....▓
▓....u▓..©..▓
▓..©u@▓▓▓▓▓▓▓
▓▓▓▓▓▓▓


You could see 2 ugly things.

Vanquished Creatures
  An ugly thing (D)
  2 jellies (D)
3 creatures vanquished.

Vanquished Creatures (others)
  3 foxfires (D)
3 creatures vanquished.

Grand Total: 6 creatures vanquished

Notes
Turn   | Place    | Note
-------+----------+-------------------------------------------
     0 | D        | mhtbhm the Deep Elf Fire Elementalist began the quest for
                  | the Orb.
     0 | D        | Reached XP level 1. HP: 10/10 MP: 6/6
     0 | D        | Found a shimmering blue altar of Sif Muna.
     0 | D        | Found a bloodstained altar of Trog.
     0 | D        | Found a sacrificial altar of Ru.
     0 | D        | Found a stormy altar of Qazlal.
     0 | D        | Found an iron altar of Okawaru.
     1 | D        | Found a sparkling altar of Nemelex Xobeh.
     1 | D        | Found a blossoming altar of Fedhas.
     1 | D        | Found the +6 Majin-Bo {vamp, MP+6 Int+6}
     1 | D        | Found the +9 heavy crossbow "Sniper" {vorpal, Acc+∞ SInv}
     1 | D        | Found the +10 dark maul {vorpal}
     1 | D        | Found the +15 Maxwell's patent armour {-Cast -Tele rElec
                  | Will+ rCorr}
     1 | D        | Found the +18 shield of the Gong {rElec rN+ Will+ EV-5}
     1 | D        | Found the +14 obsidian axe {vorpal, Mesm Drain Fly SInv}
     1 | D        | Found the +7 great mace "Firestarter" {inner flame, rF++}
     1 | D        | Found the +6 shillelagh "Devastator" {shatter}
     1 | D        | Found the +11 plutonium sword {Contam Stlth-}
     1 | D        | Found the +8 lance "Wyrmbane" {slay drac, rPois rF+ rC+
                  | AC+3}
     1 | D        | Found the +9 sword of Zonguldrok {reap}
     1 | D        | Found the +13 scythe of Curses {drain, Drain}
     1 | D        | Found the +5 sword of Power {vorpal}
     1 | D        | Found the +7 mace of Variability {chain chaos}
     1 | D        | Found the +7 Singing Sword {vorpal, sonic wave}
     1 | D        | Found the +8 storm bow {elec, penet}
     3 | D        | Found a transporter.
     3 | D        | Found an ancient bone altar of Kikubaaqudgha.
     3 | D        | Found a viscous altar of Jiyva.
     3 | D        | Found a corrupted altar of Lugonu.
     3 | D        | Found a hazy altar of Hepliaklqana.
     3 | D        | Found a burning altar of Makhleb.
     3 | D        | Found an opulent altar of Gozag.
   109 | D        | Became a worshipper of Vehumet
   126 | D        | Entered arena 2.
   126 | D        | Noticed a jelly
   126 | D        | Noticed a jelly
   126 | D        | Found a transporter.
   128 | D        | Killed a jelly
   128 | D        | Killed a jelly
   129 | D        | Reached skill level 5 in Spellcasting
   129 | D        | Reached skill level 7 in Fire Magic
   129 | D        | Reached XP level 2. HP: 15/15 MP: 7/10
   129 | D        | Reached XP level 3. HP: 19/19 MP: 7/11
   273 | D        | Learned a level 2 spell: Scorch
   277 | D        | Learned a level 3 spell: Conjure Flame
   281 | D        | Learned a level 3 spell: Inner Flame
   282 | D        | Entered arena 3.
   282 | D        | Noticed a purple ugly thing
   282 | D        | Noticed a cyan ugly thing
   282 | D        | Noticed a green ugly thing
   282 | D        | Found a transporter.
   295 | D        | Killed a cyan ugly thing
   295 | D        | Reached * piety under Vehumet
   295 | D        | Offered knowledge of Freeze by Vehumet.
   296 | D        | Reached skill level 5 in Stealth
   296 | D        | Reached skill level 11 in Fire Magic
   296 | D        | Reached XP level 4. HP: 24/24 MP: 11/17
   296 | D        | Reached XP level 5. HP: 28/28 MP: 11/18
   296 | D        | Reached XP level 6. HP: 32/32 MP: 12/20
   298 | D        | Mangled by a cyan ugly thing

Illustrated notes

Levels and vault maps discovered:
D:        sprint_v [room_start, room_1, room_2, room_3, room_4, room_5, room_6,
          room_7, room_8, room_9, room_10, room_11, room_12, room_13, room_14,
          room_15, room_16, room_17, room_18, room_19, room_20, room_21,
          room_22, room_23, room_24, room_25, room_26, room_27]

Skill      XL: |  1  2  3 |
---------------+----------+-----
Dodging        | 4 6 |  6.2
Stealth        | 3 5 |  5.9
Spellcasting   | 5 9 |  9.0
Fire Magic     | 7 11 | 11.7
Conjurations   | 2 |  2.6
Evocations     | 3 |  3.2

Action                   |  1- 3 |  4- 6 || total
-------------------------+-------+-------++-------
Melee: Lance             |     2 |     3 ||     5
 Cast: Foxfire           |     2 |       ||     2
Evoke: Wand              |     7 |       ||     7
       Lightning rod     |     1 |       ||     1
  Use: Scroll            |     2 |       ||     2
       Potion            |     1 |       ||     1
Dodge: Dodged            |     2 |     2 ||     4

Table legend: (Time is in decaauts)
 A = Elapsed time spent in this place.
 B = Non-inter-level travel time spent in this place.
 C = Inter-level travel time spent in this place.
 D = Time resting spent in this place.
 E = Time spent auto-exploring this place.
 F = Levels seen in this place.
 G = Mean time per level.
                   A        B        C        D        E       F      G
               +--------+--------+--------+--------+--------+-----+--------+
         Total |    296 |    296 |      0 |    134 |      0 |   1 |  296.0 |
       Dungeon |    296 |    296 |      0 |    134 |      0 |   1 |  296.0 |
               +--------+--------+--------+--------+--------+-----+--------+

Top non-repeatable levels by time:
       D: 296 daAuts
